 Dungeon Crawl Stone Soup version 0.13.0-9-gbc74161 (webtiles) character file.

130 Malachi the Grave Robber (level 3, -3/28 HPs)
             Began as a Naga Necromancer on Oct 17, 2013.
             Killed from afar by Jessica (6 damage)
             ... with a wand of frost
             ... on Level 2 of the Dungeon.
             The game lasted 00:03:04 (1455 turns).

Malachi the Grave Robber (Naga Necromancer)         Turns: 1455, Time: 00:03:04

HP  -3/28        AC  3     Str 11      XL: 3   Next: 66%
MP   5/6         EV 10     Int 15      God:
Gold 84          SH  0     Dex 11      Spells:  1 memorised,  4 levels left

Res.Fire  : . . .   See Invis. : +   d - +1 dwarf hand axe
Res.Cold  : . . .   Warding    : .   a - +0 robe
Life Prot.: . . .   Conserve   : .   (no shield)
Res.Poison: +       Res.Corr.  : .   g - +0 helmet
Res.Elec. : .       Clarity    : .   (no cloak)
Sust.Abil.: . .     Spirit.Shd : .   (no gloves)
Res.Mut.  : .       Stasis     : .   (no barding)
Res.Rott. : .       Flight     : .   (no amulet)
Saprovore : . . .                    (no ring)
                                     (no ring)

@: short of breath, very slow, slightly resistant to hostile enchantments,
fairly stealthy
A: spit poison, see invisible, deformed body, poison resistance, slowness 2, AC
+1
a: Spit Poison


You were on level 2 of the Dungeon.
You were not hungry.

You visited 1 branch of the dungeon, and saw 2 of its levels.

You collected 64 gold pieces.

Inventory:

Hand weapons
 d - a +1,+1 dwarven hand axe (weapon)
Armour
 a - a +0 robe (worn)
 g - a +0 helmet (worn)
Comestibles
 c - 2 bread rations
 k - a sausage
 l - a pear
 n - a rotting chunk of goblin flesh
Scrolls
 h - 2 scrolls of curse armour {unknown}
 i - 2 scrolls of identify {unknown}
Jewellery
 f - an uncursed ring of magical power {unknown}
Potions
 e - 2 potions of resistance {unknown}
Books
 b - a book of Necromancy

   Spells                             Type                      Level
   *Pain                              Necromancy                   1
   Animate Skeleton                   Necromancy                   1
   Lethal Infusion                    Charms/Necromancy            2
   Vampiric Draining                  Necromancy                   3
   Regeneration                       Charms/Necromancy            3
   Animate Dead                       Necromancy                   4
   Control Undead                     Necromancy                   4


   Skills:
 + Level 2.0 Dodging
 + Level 3.1 Stealth
 + Level 1.7 Spellcasting
 + Level 4.6 Necromancy


You had 4 spell levels left.
You knew the following spells:

 Your Spells              Type           Power        Failure   Level  Hunger
a - Pain                  Necr           ###.         3%          1    ##.....


Dungeon Overview and Level Annotations

Branches:
Dungeon (2/27)

Altars:
Xom

Annotations:
D:2 Jessica


Innate Abilities, Weirdness & Mutations

You cannot wear boots.
You can spit poison.
Your serpentine skin is tough (AC +1).
You have supernaturally acute eyesight.
Armour fits poorly on your strangely shaped body.
Your system is resistant to poisons.
You cover ground very slowly.


Message History

Jessica gestures wildly while chanting.
Jessica blinks!
Jessica zaps a wand.
The puff of frost hits you! Jessica hits you with a runed dagger.
* * * LOW HITPOINT WARNING * * *
Casting: Pain
Confirm with . or Enter, or press ? or * to list all spells.
Aiming: Pain
Press: ? - help, Shift-Dir - straight line, f - Jessica
Aim: Jessica, wielding a runed dagger, wearing a robe and carrying a wand of frost {zapped: 3} (moving very quickly)
Okay, then.
Use which ability? (? or * to list)
Press: ? - help, Shift-Dir - straight line, f - Jessica
Aim: Jessica, wielding a runed dagger, wearing a robe and carrying a wand of frost {zapped: 3} (moving very quickly)
The splash of poison hits Jessica.
Jessica is moderately wounded.
You feel slightly more hungry. Jessica hits you with a runed dagger.
* * * LOW HITPOINT WARNING * * *
Jessica zaps a wand.
The puff of frost hits you!
You die...

. . #(# ####.#.# .....
.........
#.#.##.##....
###......##...
...?...@..#..# .#
#...##@.#..##.#.#
##.......#..##.#..#
.................#....
#.#...#...............
#...#...#..##....#.#.
.........#............
....##...#............
.. ..............#.#
..
..##..##.###....#.#.##


You could see Jessica.

Vanquished Creatures
  An adder (D:2)
  4 hobgoblins (D:1)
  3 jackals (D:1)
  7 kobolds (D:1)
  2 bats (D:1)
  7 giant cockroaches (D:1)
  A giant gecko (D:1)
  A giant newt (D:1)
  5 goblins
  2 rats (D:1)
33 creatures vanquished.

Notes
Turn   | Place    | Note
--------------------------------------------------------------
     0 | D:1      | Malachi, the Naga Necromancer, began the quest for the Orb.
     0 | D:1      | Reached XP level 1. HP: 15/15 MP: 3/3
   238 | D:1      | Reached XP level 2. HP: 16/22 MP: 0/4
   380 | D:1      | Found a shimmering altar of Xom.
   916 | D:1      | Reached XP level 3. HP: 25/28 MP: 1/6
  1447 | D:2      | Noticed Jessica
  1455 | D:2      | Killed from afar by Jessica

Action                   || total
-------------------------++-------
Melee: Unarmed           ||     5
       Hand axe          ||    35
 Cast: Pain              ||    43
 Abil: Spit Poison       ||     4
 Stab: Sleeping          ||     1
